AoeStats
← Negro Lucas

Four Lakes

509007325Analyzed
1v1 RM · 6d ago on Sep 25, 2026· 28m 3s· 2 players
Game mode
Random Map
Map size
Tiny (2 player)
Population
200
Speed
Normal
Resources
Standard
Victory
Conquest
Starting age
Dark Age
Ending age
Imperial Age
RankedLock teamsTeams togetherTeam positionsShared explorationLock speedFull tech treeHidden civsTurbo modeCheats
Victory
Defeat
🇺🇸 Portuguese · United States
630
+18
🇦🇷 Chinese · Argentina
580
-14
Negro Lucas
10:17 Feudal Age
15:19 Fletching
15:56 Padded Archer Armor
21:40 Castle Age
19:57 Horse Collar
20:11 Gold Mining
22:02 Crossbowman
22:48 Thumb Ring
23:41 Scale Mail Armor
hawkuhawk
1:41 Loom
12:39 Feudal Age
12:45 Man-at-Arms
13:24 Double-Bit Axe
13:48 Horse Collar
18:26 Bloodlines
18:13 Gold Mining
24:04 Wheelbarrow
26:22 Castle Age
Connection lost

Rejoining the realm…

Still unreachable

The connection could not be restored.

Session expired

The server has moved on; the page needs a fresh start.